 Dungeon Crawl Stone Soup version 0.24.0 (webtiles) character file.

Game seed: 12485822747593010658, levelgen mode: deterministic

112 Buxparty the Poker (level 4, 0/34 HPs)
             Began as a Mummy Gladiator on Jan 27, 2020.
             Slain by a gnoll
             ... wielding a +0 whip
              (4 damage)
             ... on level 4 of the Dungeon.
             The game lasted 00:04:38 (2498 turns).

Buxparty the Poker (Mummy Gladiator)                Turns: 2498, Time: 00:04:39

Health: 0/34       AC:  5    Str: 18    XL:     4   Next: 63%
Magic:  4/4        EV: 13    Int:  7    God:
Gold:   133        SH:  0    Dex: 13    Spells: 3/3 levels left

rFire    x . .     SeeInvis .   a - +0 trident
rCold    + . .     Gourm    .   (no shield)
rNeg     + + +     Faith    .   b - +0 leather armour
rPois    ∞         Spirit   .   c - +0 helmet
rElec    .         Reflect  .   i - +0 cloak
rCorr    .         Harm     .   (no gloves)
MR       .....                  (no boots)
Stlth    +.........             (no amulet)
HPRegen  0.11/turn              o - +1 ring of evasion
MPRegen  0.09/turn              (no ring)

@: no status effects
A: no food or potions, fire vulnerability, cold resistance 1, negative energy
resistance 3, torment resistance, unbreathing
a: no special abilities


You were on level 4 of the Dungeon.
You were not hungry.

You visited 1 branch of the dungeon, and saw 4 of its levels.

You collected 133 gold pieces.

Inventory:

Hand Weapons
 a - a +0 trident (weapon)
Missiles
 d - 3 throwing nets (quivered)
 h - 11 poisoned darts
Armour
 b - a +0 leather armour (worn)
 c - a +0 helmet (worn)
 i - a +0 cloak (worn)
 m - a +0 buckler
Jewellery
 o - a +1 ring of evasion (left hand)
Scrolls
 e - 7 scrolls of identify {unknown}
 f - a scroll of enchant armour {unknown}
 g - a scroll of enchant weapon {unknown}
 j - 2 scrolls of teleportation {unknown}
 k - a scroll of remove curse {unknown}
 l - a scroll of fog {unknown}
 n - a scroll of amnesia {unknown}


   Skills:
 + Level 2.6 Fighting
 * Level 3.1 Polearms
 + Level 2.1 Throwing
 + Level 1.3 Armour
 + Level 2.7 Dodging
 + Level 0.6 Shields


You had 3 spell levels left.
You didn't know any spells.
Your spell library was empty.

Dungeon Overview and Level Annotations

Branches:
Dungeon (4/15)
 Temple: D:4-7

Altars:
Nemelex Xobeh

Portals:
Sewer: D:3


Innate Abilities, Weirdness & Mutations

You do not eat or drink.
Your flesh is vulnerable to fire.
You are immune to poison.
Your flesh is cold resistant. (rC+)
You are immune to negative energy. (rN+++)
You are immune to unholy pain and torment.
You can survive without breathing.


Message History

The gnoll hits you with a +0 whip.
* * * LOW HITPOINT WARNING * * *
You climb downwards.
There is a stone staircase leading up here.
You hit the gnoll.
The gnoll is heavily wounded.
The gnoll closely misses you.
You hit the gnoll.
The gnoll is severely wounded.
The gnoll closely misses you.
You hit the gnoll but do no damage.
The gnoll is severely wounded.
The gnoll closely misses you.
You barely miss the gnoll.
The gnoll is severely wounded.
The gnoll completely misses you.
You barely miss the gnoll.
The gnoll is severely wounded.
The gnoll hits you with a +0 whip.
You die...

####...
.......##################
.......#.....#...........
.......#.....#...........
.......#.....#...........
.......#.....#...........
.......#....)#.......^.).
......†g@##'###'###..###.
##########..###.###..###.
#........#.......
#........#.......
#........#.......
##..###.##..#####
##..###.##..#####
#.....#......#...
#.....#......#...


You could see a gnoll.

Vanquished Creatures
  5 adders
  3 worms
  3 dart slugs
  A leopard gecko (D:1)
  A ball python (D:1)
  9 bats
  5 giant cockroaches
  A goblin (D:1)
  A hobgoblin (D:2)
  7 jackals (D:1)
  8 kobolds
  A quokka (D:2)
  A frilled lizard (D:1)
  6 rats
52 creatures vanquished.

Notes
Turn   | Place    | Note
-------+----------+-------------------------------------------
     0 | D:1      | Buxparty the Mummy Gladiator began the quest for the Orb.
     0 | D:1      | Reached XP level 1. HP: 16/16 MP: 1/1
   344 | D:1      | Reached XP level 2. HP: 16/22 MP: 2/2
   987 | D:1      | Reached XP level 3. HP: 20/27 MP: 3/3
  1310 | D:2      | Found a sparkling altar of Nemelex Xobeh.
  1390 | D:2      | Reached skill level 3 in Polearms
  1678 | D:2      | Reached skill level 1 in Armour
  2342 | D:3      | You fall into a shaft and drop 1 floor!
  2408 | D:4      | Reached XP level 4. HP: 34/34 MP: 4/4
  2423 | D:3      | Found a glowing drain.
  2498 | D:4      | Slain by a gnoll

Levels and vault maps discovered:
D:1:      dpeg_arrival_brainrot, layout_basic
D:2:      layout_loops_corners, nicolae_overflow_hidden_temple
D:3:      minmay_chambers_of_twos, layout_rooms, gup_sewer_entry_glass,
          uniq_ijyb
D:4:      layout_gridville, minmay_misc_feat_ornament
